[Event "Titled Tuesday Blitz March 28 Early 2023"]
[White "Kadam, Om Manish"]
[Black "Miszler, Levente"]
[WhiteFideId "45076294"]
[BlackFideId "763276"]
[WhiteElo "2221"]
[BlackElo "2176"]
[Result "0-1"]
[Round "09"]
[TimeControl "180+2"]
[Date "2023.03.28"]
[WhiteClock "0:01:00"]
[BlackClock "0:01:58"]

1. Nf3 Nf6 2. b3 g6 3. Bb2 Bg7 4. g3 O-O 5. Bg2 d5 6. O-O c5 7. e3 Nc6 8. d4 Ne4 9. Nbd2 Nxd2 10. Qxd2 cxd4 11. exd4 Bf5 12. c4 Be4 13. Rad1 Rc8 14. Rfe1 Re8 15. Qe2 Nb4 16. Rd2 Qa5 17. Bc3 Qa3 18. Ra1 Nc6 19. Bb2 Qa6 20. a3 Na5 21. Qe3 Bxf3 22. Qxf3 dxc4 23. bxc4 Nxc4 24. Bf1 Nxd2 0-1


[Site "https://www.chess.com"]

[Event "Titled Tuesday Blitz March 28 Early 2023"]
[White "Abdilkhair, Abilmansur"]
[Black "Hardaway, Brewington"]
[WhiteFideId "13716417"]
[BlackFideId "30941849"]
[WhiteElo "2216"]
[BlackElo "2159"]
[Result "0-1"]
[Round "09"]
[TimeControl "180+2"]
[Date "2023.03.28"]
[WhiteClock "0:00:06"]
[BlackClock "0:00:37"]

1. d4 d5 2. c4 e6 3. Nf3 Nf6 4. Nc3 c6 5. Bg5 Be7 6. e3 Nbd7 7. Rc1 h6 8. Bh4 O-O 9. Bd3 b6 10. O-O Bb7 11. h3 dxc4 12. Bxc4 b5 13. Bb3 Rc8 14. a4 b4 15. Nb1 c5 16. Nbd2 cxd4 17. Nxd4 Rxc1 18. Qxc1 Nc5 19. Bxf6 gxf6 20. Bd1 Qd7 21. b3 Rc8 22. Qb1 e5 23. Bg4 Qd8 24. Nf5 Bf8 25. Nf3 Be4 26. Qa2 h5 27. Nh6+ Bxh6 28. Bxc8 Qxc8 29. Rc1 Bf8 30. Nd2 Bb7 31. Qc2 Qe6 32. Qc4 Bd5 33. Qh4 Nxb3 34. Nxb3 Bxb3 35. Qxh5 Bxa4 36. Ra1 Bc6 37. Rxa7 b3 38. Qd1 f5 39. Ra6 Qd5 40. Qxd5 Bxd5 41. Rb6 Bc4 42. g4 fxg4 43. hxg4 Ba3 44. Rc6 b2 45. Rxc4 b1=Q+ 46. Kg2 Kg7 47. Rb4 Bxb4 0-1


[Site "https://www.chess.com"]

[Event "Titled Tuesday Blitz March 28 Early 2023"]
[White "QuiesPrecatio"]
[Black "Dino_Ballecer"]
[WhiteElo "2454"]
[BlackElo "2579"]
[Result "0-1"]
[Round "09"]
[TimeControl "180+2"]
[Date "2023.03.28"]
[WhiteClock "0:00:08"]
[BlackClock "0:00:06"]

1. Nf3 Nf6 2. g3 g6 3. Bg2 Bg7 4. O-O O-O 5. d4 d5 6. c4 c6 7. cxd5 cxd5 8. Ne5 Nc6 9. Nxc6 bxc6 10. Nc3 Bf5 11. Na4 Nd7 12. Be3 e5 13. dxe5 Bxe5 14. Bd4 Qa5 15. Bxe5 Nxe5 16. Rc1 Rac8 17. Rc5 Qa6 18. b3 Rfe8 19. Re1 Nd7 20. Rc1 Nb6 21. Nxb6 axb6 22. a4 b5 23. e3 bxa4 24. bxa4 Bd3 25. Ra1 Rb8 26. Qc1 Rb4 27. Qc3 Reb8 28. Rec1 Bc4 29. a5 Rb3 30. Qe5 Rb2 31. h4 h5 32. Qf6 Rd2 33. Rab1 Re8 34. Qc3 Ra2 35. Rb6 Qxa5 36. Qxa5 Rxa5 37. Rxc6 Ra2 38. Rc7 Rb8 39. R7xc4 dxc4 40. Rxc4 Rb1+ 41. Kh2 Rxf2 42. Kh3 Rb3 43. Rf4 Re2 44. Bd5 Rbb2 45. g4 Rxe3+ 46. Bf3 hxg4+ 47. Kxg4 Rbb3 48. Rf6 Kg7 49. Rf4 Rxf3 50. Rxf3 Rxf3 51. Kxf3 f5 52. Kf4 Kf6 53. Kf3 Ke5 54. Ke3 f4+ 55. Kf3 Kf5 56. Kf2 Kg4 57. Kg2 Kxh4 58. Kf3 g5 59. Kf2 g4 60. Kg2 g3 0-1


[Site "https://www.chess.com"]

[Event "Titled Tuesday Blitz March 28 Early 2023"]
[White "Martic, Ivan"]
[Black "Sowul, Bartosz"]
[WhiteFideId "929301"]
[BlackFideId "1137590"]
[WhiteElo "2360"]
[BlackElo "2188"]
[Result "1-0"]
[Round "09"]
[TimeControl "180+2"]
[Date "2023.03.28"]
[WhiteClock "0:00:27"]
[BlackClock "0:00:12"]

1. d4 Nf6 2. Bg5 c5 3. Bxf6 gxf6 4. d5 Qb6 5. Qc1 f5 6. c4 Bg7 7. Nc3 d6 8. e3 Nd7 9. Qc2 Qa5 10. Nh3 Ne5 11. Be2 Bd7 12. O-O Ng6 13. a3 Bxc3 14. bxc3 O-O-O 15. a4 f6 16. f4 Kb8 17. Kh1 Qc7 18. a5 h5 19. Bd3 Qc8 20. Rfb1 Ka8 21. Rb6 a6 22. Rab1 Nh4 23. Rxb7 Qxb7 24. Rxb7 Kxb7 25. Qb1+ Ka8 26. g3 Rb8 27. Qc2 Nf3 28. Be2 Ne1 29. Qd1 h4 30. Qxe1 hxg3 31. Qxg3 Rbg8 32. Qf3 Ba4 33. Bd3 Bd1 34. Qxd1 Rxh3 35. Qe1 Rgg3 36. Qxg3 Rxg3 37. hxg3 1-0


[Site "https://www.chess.com"]

[Event "Titled Tuesday Blitz March 28 Early 2023"]
[White "Fernandez Garcia, Gumersindo"]
[Black "Tokhirjonova, Gulrukhbegim"]
[WhiteFideId "24516740"]
[BlackFideId "14203626"]
[WhiteElo "2093"]
[BlackElo "2268"]
[Result "0-1"]
[Round "09"]
[TimeControl "180+2"]
[Date "2023.03.28"]
[WhiteClock "0:00:20"]
[BlackClock "0:00:38"]

1. d4 Nf6 2. c4 e6 3. Nf3 b6 4. g3 Bb7 5. Bg2 Bb4+ 6. Bd2 Bxd2+ 7. Nbxd2 O-O 8. O-O d6 9. Qc2 Nbd7 10. b4 c5 11. dxc5 dxc5 12. b5 Qc7 13. e3 h6 14. a4 Rfe8 15. a5 bxa5 16. Nb3 Be4 17. Qc3 a6 18. Rxa5 axb5 19. Rxb5 Ra2 20. Nfd2 Bxg2 21. Kxg2 Qc6+ 22. Kg1 Rea8 23. h3 h5 24. Ra1 Rxa1+ 25. Nxa1 Ne4 26. Nxe4 Qxe4 27. Nb3 Ne5 28. Nd2 Qf5 29. Kg2 Nd3 30. Nf3 Ra2 31. Rb8+ Kh7 32. Ng5+ Kg6 0-1


[Site "https://www.chess.com"]

[Event "Titled Tuesday Blitz March 28 Early 2023"]
[White "Ordekalog"]
[Black "Hindermann, Felix"]
[BlackFideId "1305212"]
[WhiteElo "2568"]
[BlackElo "2206"]
[Result "0-1"]
[Round "09"]
[TimeControl "180+2"]
[Date "2023.03.28"]
[WhiteClock "0:00:07"]
[BlackClock "0:00:18"]

1. e4 e6 2. Bb5 c6 3. Ba4 d5 4. exd5 exd5 5. d3 Qa5+ 6. c3 Nf6 7. Nf3 Bd6 8. O-O O-O 9. h3 Re8 10. Bg5 Nbd7 11. Nbd2 h6 12. Bh4 Nh5 13. Bc2 Nf4 14. Re1 Ne5 15. Nxe5 Rxe5 16. Rxe5 Bxe5 17. d4 Bd6 18. Qf3 Be6 19. Nf1 Qb6 20. b3 Qc7 21. Re1 Re8 22. Ne3 Ng6 23. Nf5 Nxh4 24. Nxh4 Qd8 25. g3 Qg5 26. Nf5 Qf6 27. Kg2 Bf8 28. g4 Bxf5 29. Rxe8 Bxc2 30. Qxf6 gxf6 31. Rb8 b5 32. Ra8 b4 33. cxb4 Bb1 34. Rxa7 Bxb4 35. a4 Bc2 36. a5 Bxb3 37. Rb7 Bxa5 38. Rb8+ Kh7 39. Rxb3 Kg6 40. Rd3 Bb6 41. Kf3 f5 42. gxf5+ Kxf5 43. Ke3 Ke6 44. Rd1 Kd6 45. Kd3 c5 46. dxc5+ Bxc5 47. f3 Ke5 48. Ra1 Kf4 49. Ke2 Be3 50. Ra4+ d4 51. Ra7 f5 52. Rh7 Kg3 53. Rf7 Kf4 54. Rh7 Kg3 55. Rf7 Kf4 56. h4 Ke5 57. Rh7 Kf6 58. Kd3 Kg6 59. Rb7 Kh5 60. Rb6 Kxh4 61. Re6 Kg3 62. Rg6+ Kxf3 63. Rf6 Kg4 64. Rg6+ Kh5 65. Rf6 Kg5 66. Rf8 h5 67. Rg8+ Kf4 68. Ke2 Ke4 69. Re8+ Kf4 70. Rh8 Kg4 71. Rg8+ Bg5 72. Kd3 h4 73. Kxd4 h3 74. Ke5 h2 75. Rh8 Bh4 76. Rg8+ Kh3 0-1


[Site "https://www.chess.com"]

[Event "Titled Tuesday Blitz March 28 Early 2023"]
[White "Derjabin, Ilja"]
[Black "Zacurdajev, Dmitry"]
[WhiteFideId "14104768"]
[BlackFideId "4196309"]
[WhiteElo "2309"]
[BlackElo "2179"]
[Result "1-0"]
[Round "09"]
[TimeControl "180+2"]
[Date "2023.03.28"]
[WhiteClock "0:00:15"]
[BlackClock "0:00:33"]

1. d4 d5 2. c4 e6 3. Nc3 Nf6 4. cxd5 exd5 5. Bg5 Be7 6. e3 h6 7. Bh4 c6 8. Bd3 Nbd7 9. Nge2 Nh5 10. Bxe7 Qxe7 11. Qc2 g6 12. O-O-O Nb6 13. Rhe1 Ng7 14. Ng3 Be6 15. f3 O-O-O 16. Kb1 h5 17. Nge2 Nf5 18. Nf4 Kb8 19. Qf2 Bc8 20. e4 dxe4 21. Nxe4 Qb4 22. Ng5 Rxd4 23. Nxf7 Rf8 24. a3 Qb3 25. Nxg6 Rxf7 26. Bc2 Rxd1+ 27. Rxd1 Qb5 28. g4 Nc4 29. Bd3 Nxa3+ 30. Ka1 Qa4 31. bxa3 Qxd1+ 32. Bb1 hxg4 33. Ne5 Re7 34. Qb2 Qd4 35. Nxc6+ Ka8 36. Nxd4 Nxd4 37. Qxd4 gxf3 38. Qd8 Kb8 39. Qxe7 f2 40. Qe5+ Ka8 41. Qf4 a6 42. Qxf2 1-0


[Site "https://www.chess.com"]

[Event "Titled Tuesday Blitz March 28 Early 2023"]
[White "Meunier-Pion, Jean"]
[Black "Castellanos Villela, Alejandro"]
[WhiteFideId "20685327"]
[BlackFideId "3446379"]
[WhiteElo "2124"]
[BlackElo "2102"]
[Result "0-1"]
[Round "09"]
[TimeControl "180+2"]
[Date "2023.03.28"]
[WhiteClock "0:00:09"]
[BlackClock "0:01:16"]

1. d4 Nf6 2. c4 e6 3. g3 c5 4. d5 exd5 5. cxd5 d6 6. Nc3 g6 7. Bg2 Bg7 8. e4 O-O 9. Nge2 b6 10. O-O Ba6 11. Re1 b5 12. f4 b4 13. Nb1 Qb6 14. Kh1 Ng4 15. Rf1 c4 16. Qe1 Ne3 17. Bxe3 Qxe3 18. e5 c3 19. Nexc3 Qxe1 20. Rxe1 bxc3 21. Nxc3 Nd7 22. e6 Nc5 23. Rad1 Rab8 24. Ne4 Nxe4 25. Rxe4 fxe6 26. dxe6 Bb7 27. e7 Rfe8 28. Re2 Bxg2+ 29. Kxg2 Rxb2 30. Rxb2 Bxb2 31. Rd5 Rxe7 32. Rxd6 a5 33. Kf3 Bc3 34. Ra6 Kg7 35. h4 Bd2 36. Kg4 Bb4 37. a3 Be1 38. h5 gxh5+ 39. Kxh5 Bxg3 40. f5 Re5 41. Kg4 Be1 42. Ra7+ Kg8 43. Ra8+ Kf7 44. Ra7+ Re7 45. Ra6 Bc3 46. Kg5 Kg7 47. f6+ Bxf6+ 48. Rxf6 Re5+ 49. Rf5 Rxf5+ 50. Kxf5 Kf7 51. Kg5 a4 52. Kh6 Kg8 53. Kg5 Kg7 54. Kh5 Kf6 55. Kh6 Ke5 56. Kxh7 Kd4 57. Kg6 Kc3 58. Kf5 Kb3 59. Ke4 Kxa3 60. Kd3 Kb2 61. Kd2 a3 0-1


[Site "https://www.chess.com"]

[Event "Titled Tuesday Blitz March 28 Early 2023"]
[White "Lenaerts, Lennert"]
[Black "Devaev, Alexander"]
[WhiteFideId "211435"]
[BlackFideId "4169395"]
[WhiteElo "2334"]
[BlackElo "2225"]
[Result "1-0"]
[Round "09"]
[TimeControl "180+2"]
[Date "2023.03.28"]
[WhiteClock "0:00:18"]
[BlackClock "0:00:10"]

1. d4 Nf6 2. c4 e6 3. Nc3 Bb4 4. g3 c5 5. Nf3 cxd4 6. Nxd4 Nc6 7. Bg2 Qb6 8. Nxc6 bxc6 9. O-O O-O 10. Qc2 d5 11. Bg5 Bxc3 12. Qxc3 Ne4 13. Bxe4 dxe4 14. c5 Qb5 15. Rfe1 f6 16. Be3 e5 17. Rad1 Be6 18. b3 Bd5 19. Rb1 h6 20. a4 Qb7 21. b4 a6 22. Red1 Rfd8 23. Rd2 Qf7 24. b5 axb5 25. axb5 cxb5 26. Rxb5 Bc4 27. Rb1 Rxd2 28. Qxd2 Qd5 29. Qxd5+ Bxd5 30. Rc1 Bc6 31. Kf1 Ra2 32. h3 Kf7 33. Ke1 Ke6 34. Rd1 Bb5 35. Rd6+ Ke7 36. Rd2 Ra1+ 37. Rd1 Ra2 38. Rd2 Ra4 39. g4 Bd7 40. Rb2 Rc4 41. Kd2 h5 42. gxh5 Bxh3 43. Rb7+ Kf8 44. Rc7 Bg4 45. h6 gxh6 46. Bxh6+ Ke8 47. Bg7 Ra4 48. Bxf6 Ra2+ 49. Kc3 Rxe2 50. Re7+ Kf8 51. Rxe5 Rxf2 52. Be7+ Kf7 53. Rxe4 Be6 54. Bd6 Rf3+ 55. Kd4 Rf1 56. Rh4 Rd1+ 57. Kc3 Rc1+ 58. Kb4 Rc4+ 59. Rxc4 Bxc4 60. Kxc4 1-0


[Site "https://www.chess.com"]

[Event "Titled Tuesday Blitz March 28 Early 2023"]
[White "Silva Lucena, Cristian"]
[Black "Degenbaev, Aziz"]
[WhiteFideId "2232588"]
[BlackFideId "13802640"]
[WhiteElo "2223"]
[BlackElo "2152"]
[Result "1-0"]
[Round "09"]
[TimeControl "180+2"]
[Date "2023.03.28"]
[WhiteClock "0:00:40"]
[BlackClock "0:00:07"]

1. d4 Nf6 2. c4 g6 3. g3 Bg7 4. Nf3 O-O 5. Bg2 d6 6. O-O c5 7. Nc3 Nc6 8. dxc5 dxc5 9. Be3 Be6 10. Bxc5 Qa5 11. b4 Nxb4 12. Bxe7 Rfe8 13. Bxf6 Bxf6 14. Ne4 Bg7 15. a3 Nc6 16. c5 Rad8 17. Qc1 Qc7 18. Nd6 Re7 19. Rb1 Na5 20. Nb5 Qb8 21. Qg5 Red7 22. Qh4 Nb3 23. Ng5 Nxc5 24. Qxh7+ Kf8 25. Rbc1 b6 26. h4 Qe5 27. e3 Bf6 28. Nd4 Rxd4 29. exd4 Rxd4 30. Rfe1 Qd6 31. Nxe6+ Nxe6 32. Rc8+ Ke7 33. Qg8 Qd7 34. Qf8# 1-0


[Site "https://www.chess.com"]

[Event "Titled Tuesday Blitz March 28 Early 2023"]
[White "Ibadov, Dashgyn"]
[Black "Iljin, Timofey"]
[WhiteFideId "24107514"]
[BlackFideId "14110180"]
[WhiteElo "2208"]
[BlackElo "2397"]
[Result "1-0"]
[Round "09"]
[TimeControl "180+2"]
[Date "2023.03.28"]
[WhiteClock "0:00:28"]
[BlackClock "0:00:04"]

1. e4 e5 2. Nf3 Nc6 3. d4 exd4 4. Nxd4 Nf6 5. Nxc6 bxc6 6. e5 Nd5 7. c4 Nb6 8. Bd3 d6 9. exd6 cxd6 10. O-O Be7 11. Qc2 h6 12. Nc3 O-O 13. Bf4 Be6 14. b3 Rc8 15. Rad1 d5 16. Rfe1 Bf6 17. c5 Nd7 18. b4 a5 19. a3 axb4 20. axb4 g5 21. Bg3 Bg7 22. Ne2 Qf6 23. Bd6 Rfe8 24. Ng3 Qc3 25. Qb1 Bg4 26. Rc1 Qb2 27. Qxb2 Bxb2 28. Rb1 Bc3 29. Rxe8+ Rxe8 30. h3 Be6 31. Nf5 Bxf5 32. Bxf5 Ne5 33. b5 cxb5 34. Rxb5 d4 35. Rb3 Ra8 36. Bxe5 Ra1+ 37. Kh2 f6 38. c6 fxe5 39. c7 Bd2 40. c8=Q+ Kg7 41. Rb7+ Kf6 42. Qe6# 1-0


[Site "https://www.chess.com"]

[Event "Titled Tuesday Blitz March 28 Early 2023"]
[White "Jeet, Jain"]
[Black "Boraso, Alessio"]
[WhiteFideId "5073022"]
[BlackFideId "848077"]
[WhiteElo "2067"]
[BlackElo "2286"]
[Result "1-0"]
[Round "09"]
[TimeControl "180+2"]
[Date "2023.03.28"]
[WhiteClock "0:00:59"]
[BlackClock "0:00:01"]

1. c4 e6 2. Nf3 Nf6 3. Nc3 d5 4. e3 Be7 5. b3 O-O 6. Bb2 Nbd7 7. d4 c5 8. cxd5 Nxd5 9. Nxd5 exd5 10. Bd3 Qa5+ 11. Kf1 cxd4 12. Nxd4 Bf6 13. h4 Ne5 14. Bc2 Re8 15. h5 h6 16. Bb1 Nc6 17. Qd3 Nxd4 18. Bxd4 Bxd4 19. Qxd4 Qb6 20. Qxd5 Qf6 21. Qd4 Qxd4 22. exd4 b6 23. Bd3 Bb7 24. Rh4 Rad8 25. Rd1 Rd6 26. Bc4 Red8 27. Rf4 Bd5 28. Bxd5 Rxd5 29. Ke2 Rxh5 30. Kd3 Rhd5 31. g4 g5 32. Re4 h5 33. f3 h4 34. f4 f5 35. gxf5 g4 36. Rh1 h3 37. Rg1 Kf7 38. Rxg4 Rh8 39. Rg1 h2 40. Rh1 Rh3+ 41. Re3 Rh7 42. Re2 Rxf5 43. Rhxh2 Rxh2 44. Rxh2 Rxf4 45. Re2 Rh4 46. Kc4 a6 47. Kd5 Kf6 48. Kc6 Rxd4 49. Kxb6 Rd6+ 50. Ka5 Kf7 51. b4 Rh6 52. a4 Rh4 53. b5 axb5 54. axb5 Rh1 55. Ka6 Ra1+ 56. Kb7 Rb1 57. b6 Ra1 58. Kc7 Rc1+ 59. Kb8 Rc3 60. b7 1-0


[Site "https://www.chess.com"]

[Event "Titled Tuesday Blitz March 28 Early 2023"]
[White "Karamsetty, Jeevan"]
[Black "lemayvega"]
[WhiteFideId "2025337"]
[WhiteElo "2111"]
[BlackElo "2534"]
[Result "1-0"]
[Round "09"]
[TimeControl "180+2"]
[Date "2023.03.28"]
[WhiteClock "0:00:03"]
[BlackClock "0:00:04"]

1. e4 c5 2. Nc3 Nc6 3. g3 g6 4. Bg2 Bg7 5. d3 e6 6. Be3 b6 7. Qd2 h5 8. f4 Nge7 9. Nf3 d5 10. exd5 Nxd5 11. Nxd5 exd5 12. O-O-O O-O 13. Nh4 Qf6 14. c4 dxc4 15. dxc4 Rd8 16. Qf2 Bg4 17. Rxd8+ Rxd8 18. h3 Bc8 19. a3 Na5 20. Bd5 Bb7 21. Rd1 Bxd5 22. cxd5 Nc4 23. Ng2 Qf5 24. Rd2 Rxd5 25. Rxd5 Qxd5 26. Ne1 Bxb2+ 27. Kb1 Qd1+ 28. Ka2 b5 29. Bxc5 Bc3 30. Qc2 Qxe1 31. Kb3 1-0


[Site "https://www.chess.com"]

[Event "Titled Tuesday Blitz March 28 Early 2023"]
[White "Alinasab, Mobina"]
[Black "Bochnicka, Vladimir"]
[WhiteFideId "12528897"]
[BlackFideId "14943450"]
[WhiteElo "2141"]
[BlackElo "2094"]
[Result "1-0"]
[Round "09"]
[TimeControl "180+2"]
[Date "2023.03.28"]
[WhiteClock "0:00:10"]
[BlackClock "0:00:03"]

1. Nf3 c5 2. g3 Nc6 3. d4 cxd4 4. Nxd4 g6 5. b3 Bg7 6. Bb2 Qb6 7. e3 Nf6 8. Bg2 O-O 9. O-O d6 10. c4 Bg4 11. Qc2 Nb4 12. Qd2 a5 13. Nc3 Rfd8 14. Rac1 d5 15. Na4 Qa7 16. a3 dxc4 17. axb4 e5 18. Rxc4 b5 19. Nxb5 Rxd2 20. Nxa7 Rxa7 21. bxa5 Be6 22. Rb4 Rxa5 23. Rb8+ Bf8 24. Bc3 Rad5 25. Bxd2 Rxd2 26. b4 Bc4 27. Rc1 Bb3 28. Nc5 Ba2 29. b5 Kg7 30. Ne4 Nxe4 31. Bxe4 Ba3 32. Re1 Rb2 33. b6 f5 34. Bg2 e4 35. b7 Bd5 36. Ra8 Bd6 37. Rd8 Bxb7 38. Rxd6 Kh6 39. h4 Rb3 40. Rc1 Rb4 41. Rd7 Kh5 42. Rxh7+ Kg4 43. Kh2 1-0


[Site "https://www.chess.com"]

[Event "Titled Tuesday Blitz March 28 Early 2023"]
[White "Shevtchenko, Olesya"]
[Black "Gutkin, Ilya"]
[WhiteFideId "24131890"]
[BlackFideId "16203470"]
[WhiteElo "2003"]
[BlackElo "2265"]
[Result "0-1"]
[Round "09"]
[TimeControl "180+2"]
[Date "2023.03.28"]
[WhiteClock "0:00:01"]
[BlackClock "0:00:23"]

1. e4 e6 2. d4 d5 3. Nd2 c5 4. Ngf3 cxd4 5. Nxd4 Nc6 6. Bb5 Bd7 7. Nxc6 bxc6 8. Bd3 g6 9. Qe2 Bg7 10. O-O Ne7 11. Nf3 O-O 12. c3 Qb6 13. Be3 Qb7 14. Bc5 Rfe8 15. h4 e5 16. Qe3 dxe4 17. Bxe4 Nd5 18. Qe2 Nf4 19. Qe3 Qxb2 20. g3 Ne2+ 21. Kg2 Nxc3 22. Nd2 Nxe4 23. Nxe4 Be6 24. Rfb1 Qc2 25. Rc1 Qa4 26. h5 Bd5 27. f3 f5 28. Nd6 Re6 29. Qg5 Qg4 30. Qxg4 fxg4 31. Ne4 gxf3+ 32. Kxf3 Rf6+ 33. Ke3 Bh6+ 34. Kd3 Rf3+ 35. Ke2 Bxe4 36. Rh1 Rc3 37. Rh2 Rc2+ 38. Ke1 Rxh2 0-1


[Site "https://www.chess.com"]

[Event "Titled Tuesday Blitz March 28 Early 2023"]
[White "Osinenko, Anton"]
[Black "Manon-og, Ramon Jr."]
[WhiteFideId "4158970"]
[BlackFideId "5200776"]
[WhiteElo "2294"]
[BlackElo "2380"]
[Result "1-0"]
[Round "09"]
[TimeControl "180+2"]
[Date "2023.03.28"]
[WhiteClock "0:00:11"]
[BlackClock "0:00:01"]

1. e4 c5 2. Nf3 d6 3. c3 Nf6 4. g3 g6 5. Bg2 Bg7 6. O-O O-O 7. Re1 Nc6 8. Na3 Bg4 9. h3 Bd7 10. d4 cxd4 11. cxd4 Rc8 12. Bd2 Qb6 13. Bc3 Na5 14. Rc1 Rc7 15. Bf1 Rfc8 16. Qd2 Rxc3 17. Rxc3 Re8 18. Nc4 Nxc4 19. Bxc4 Bxh3 20. Bxf7+ Kxf7 21. Ng5+ Kg8 22. Nxh3 Rf8 23. Rf3 h6 24. Kg2 g5 25. Rb3 Qc6 26. d5 Qd7 27. f3 g4 28. Nf4 gxf3+ 29. Rxf3 Qg4 30. Ne6 Rf7 31. Qf4 Qg6 32. Qf5 Kh7 33. Qxg6+ Kxg6 34. Rf4 h5 35. Re3 Bh6 36. Rb3 Bxf4 37. Nxf4+ Kh6 38. Kf3 Nd7 39. Rxb7 Ne5+ 40. Kg2 Kg5 41. Rxa7 h4 42. Ne6+ Kg4 43. gxh4 Kxh4 44. Ra8 Rh7 45. Rf8 Rh6 46. Rf4+ Ng4 47. Rf1 1-0


[Site "https://www.chess.com"]

[Event "Titled Tuesday Blitz March 28 Early 2023"]
[White "Mrudul Dehankar"]
[Black "Vovk, Orest"]
[WhiteFideId "25096990"]
[BlackFideId "14113490"]
[WhiteElo "2139"]
[BlackElo "2215"]
[Result "1/2-1/2"]
[Round "09"]
[TimeControl "180+2"]
[Date "2023.03.28"]
[WhiteClock "0:00:12"]
[BlackClock "0:00:06"]

1. e4 g5 2. d4 g4 3. Qxg4 d5 4. Qh5 Nf6 5. Qh4 Rg8 6. h3 dxe4 7. c3 Nc6 8. Nd2 Bf5 9. Ne2 e5 10. Ng3 Rxg3 11. Qxg3 exd4 12. Bb5 Qd5 13. Bxc6+ Qxc6 14. cxd4 O-O-O 15. O-O Bd6 16. Qg5 Bxh3 17. d5 Qd7 18. Qh4 Rg8 19. g3 Bxf1 20. Nxf1 Ng4 21. Bg5 h6 22. Be3 f5 23. Bd4 f4 24. Re1 e3 25. f3 Nf2 26. Bxe3 fxe3 27. Rxe3 Bc5 28. Kxf2 Qxd5 29. Qh3+ Kb8 30. Qxh6 Qxa2 31. Qf6 Bxe3+ 32. Nxe3 a6 33. g4 Qb3 34. g5 Re8 35. Qd4 Qb6 36. Qxb6 cxb6 37. f4 Kc7 38. f5 Kd6 39. g6 Ke5 40. Kf3 Rf8 41. g7 Rg8 42. Ng4+ Kxf5 43. Nh6+ Kg6 44. Nxg8 Kxg7 45. Ne7 Kf7 46. Nc8 b5 47. Nd6+ Ke6 48. Nxb7 Kd5 49. Na5 Kc5 50. Nb3+ Kb4 51. Nd2 a5 52. Ke3 a4 53. Kd3 a3 54. bxa3+ Kxa3 55. Kc2 b4 56. Nb3 Ka2 57. Nd4 Ka3 58. Nb3 Ka2 59. Nd4 b3+ 60. Nxb3 1/2-1/2


[Site "https://www.chess.com"]

[Event "Titled Tuesday Blitz March 28 Early 2023"]
[White "Mika, Tomasz"]
[Black "Turzo, Attila"]
[WhiteFideId "1132970"]
[BlackFideId "704954"]
[WhiteElo "2179"]
[BlackElo "2513"]
[Result "1-0"]
[Round "09"]
[TimeControl "180+2"]
[Date "2023.03.28"]
[WhiteClock "0:00:05"]
[BlackClock "0:00:01"]

1. Nf3 c5 2. g3 g6 3. Bg2 Bg7 4. O-O Nc6 5. c4 e5 6. Nc3 Nge7 7. a3 O-O 8. b4 cxb4 9. axb4 Nxb4 10. Ba3 Nec6 11. Rb1 a5 12. Nd5 d6 13. Nxb4 axb4 14. Bxb4 Nxb4 15. Rxb4 d5 16. cxd5 Qxd5 17. d3 Ra7 18. Nd2 Qa2 19. Nc4 Bg4 20. Rb2 Qa6 21. h3 Be6 22. Rb6 Qa2 23. Rb2 Qa6 24. Rb6 Qa4 25. Qxa4 Rxa4 26. Ne3 Ra2 27. Re1 Rb8 28. g4 Bf8 29. Rxb7 Rxb7 30. Bxb7 Bb4 31. Rb1 Bc5 32. Bf3 Kg7 33. Nc4 Bxc4 34. dxc4 Rc2 35. Rb7 Kf8 36. Bd5 Be7 37. e3 h5 38. gxh5 gxh5 39. Kg2 h4 40. Kf3 f5 41. Rb8+ Kg7 42. Rb7 Kf6 43. Rb6+ Kg7 44. Re6 e4+ 45. Kg2 Bg5 46. Kf1 Bf6 47. Rc6 Rc1+ 48. Ke2 Bc3 49. f3 Rc2+ 50. Kd1 Rd2+ 51. Kc1 Rxd5 52. cxd5 exf3 53. Kd1 Be5 54. Ke1 Bg3+ 55. Kf1 Kf7 56. Re6 f4 57. e4 1-0


[Site "https://www.chess.com"]

[Event "Titled Tuesday Blitz March 28 Early 2023"]
[White "Delorme, Alban"]
[Black "Shukhman, Anna"]
[WhiteFideId "623636"]
[BlackFideId "54180058"]
[WhiteElo "2196"]
[BlackElo "2125"]
[Result "1/2-1/2"]
[Round "09"]
[TimeControl "180+2"]
[Date "2023.03.28"]
[WhiteClock "0:00:04"]
[BlackClock "0:00:25"]

1. e4 Nf6 2. Nc3 e5 3. Nf3 Nc6 4. g3 Be7 5. Bg2 O-O 6. O-O b6 7. d4 exd4 8. Nxd4 Bb7 9. Be3 Nxd4 10. Bxd4 d6 11. Re1 Re8 12. Qd2 Ng4 13. h3 Ne5 14. Rad1 c5 15. Bxe5 dxe5 16. Nd5 Bf8 17. Qe2 Qb8 18. h4 a5 19. Qg4 Re6 20. h5 h6 21. Qf3 Bxd5 22. exd5 Rf6 23. Qe4 Bd6 24. b3 Qc8 25. Rd3 a4 26. Rf3 Rxf3 27. Qxf3 axb3 28. axb3 Ra2 29. Qd3 Qg4 30. Qb5 Rxc2 31. Qe8+ Bf8 32. Qxe5 Rd2 33. Be4 Rd4 34. Kg2 b5 35. Bf3 Qg5 36. Qxg5 hxg5 37. Re8 f6 38. Kh3 Kf7 39. Rb8 c4 40. Rxb5 c3 41. Rb7+ Ke8 42. Rc7 Rd3 43. Be4 Rd4 44. Bg6+ Kd8 45. Rxc3 Bd6 46. Rd3 Rxd3 47. Bxd3 Ke7 48. Kg4 Kf8 49. Kf5 Ke7 50. Bb5 Bc5 51. f4 gxf4 52. gxf4 Bd6 53. Ke4 Bc5 54. Kf5 Bd6 55. Be2 Bc5 56. Bf3 Bd6 57. Kg6 Kf8 58. Kf5 Ke7 59. Bg2 Kf7 60. Bf3 Ke7 1/2-1/2


[Site "https://www.chess.com"]

[Event "Titled Tuesday Blitz March 28 Early 2023"]
[White "Manukyan, Sargis A."]
[Black "Rodriguez Santiago, Jaime"]
[WhiteFideId "13303970"]
[BlackFideId "3100898"]
[WhiteElo "2187"]
[BlackElo "2025"]
[Result "0-1"]
[Round "09"]
[TimeControl "180+2"]
[Date "2023.03.28"]
[WhiteClock "0:00:09"]
[BlackClock "0:00:11"]

1. d4 Nf6 2. c4 e6 3. Nc3 d5 4. Nf3 c5 5. cxd5 Nxd5 6. e4 Nxc3 7. bxc3 cxd4 8. cxd4 Bb4+ 9. Bd2 Bxd2+ 10. Qxd2 O-O 11. Bc4 Nd7 12. O-O b6 13. Rad1 Bb7 14. Rfe1 Rc8 15. Bb3 b5 16. h3 h6 17. Qf4 Qc7 18. e5 Rfd8 19. d5 exd5 20. Nd4 a6 21. Qg3 Nc5 22. Rc1 Qd7 23. Bc2 Ne4 24. Qf4 Rc4 25. Rcd1 Qc7 26. Bb3 Rc3 27. f3 Nc5 28. Bc2 Ne6 29. Nxe6 fxe6 30. Bb1 Rf8 31. Qg3 Qf7 32. Rd4 Rc4 33. Red1 Rfc8 34. h4 Qe7 35. Kh2 Rxd4 36. Rxd4 Rc4 37. Rf4 Rxf4 38. Qxf4 Bc6 39. h5 Be8 40. g4 Bf7 41. Kg3 Qd7 42. Qd4 Qc7 43. Bd3 Kf8 44. Qb4+ Kg8 45. Qd4 Be8 46. f4 Bd7 47. f5 a5 48. fxe6 Bxe6 49. Bf5 Kf7 50. Qf2 Ke7 51. Qd4 b4 52. Bd3 Qc3 53. Qa7+ Bd7 54. Qe3 d4 55. Qf3 Bc6 56. Qf1 Bb5 57. Kh4 Qxd3 58. Qf4 Qe3 59. Qf5 Qe1+ 60. Kh3 Bf1+ 61. Kh2 Qe2+ 62. Kg3 Qg2+ 63. Kf4 Qf2+ 64. Ke4 Qxf5+ 65. gxf5 d3 66. Ke3 Be2 67. Kd2 a4 68. Kc1 b3 69. axb3 axb3 70. Kd2 b2 71. Ke3 b1=Q 72. f6+ gxf6 73. exf6+ Kxf6 74. Kf2 Qf1+ 75. Kg3 Qe1+ 76. Kf4 Qf2+ 77. Ke4 Qf3+ 78. Kd4 d2 79. Kc5 d1=Q 80. Kb4 Qd4+ 81. Ka5 Qf5# 0-1


[Site "https://www.chess.com"]

[Event "Titled Tuesday Blitz March 28 Early 2023"]
[White "Zheenbekov, Nurgazy"]
[Black "Sai Krishna G V"]
[WhiteFideId "13800485"]
[BlackFideId "5028280"]
[WhiteElo "1975"]
[BlackElo "2359"]
[Result "1/2-1/2"]
[Round "09"]
[TimeControl "180+2"]
[Date "2023.03.28"]
[WhiteClock "0:00:12"]
[BlackClock "0:00:06"]

1. e4 c5 2. Nf3 d6 3. Bb5+ Nc6 4. O-O g6 5. Re1 Bg7 6. h3 e6 7. c3 Ne7 8. a4 O-O 9. d4 cxd4 10. cxd4 d5 11. e5 h6 12. b3 Nb4 13. a5 Bd7 14. Bf1 Rc8 15. Ba3 Nc2 16. Nbd2 Re8 17. Bc5 Nxa1 18. Qxa1 b6 19. axb6 axb6 20. Bd6 Nf5 21. Bb4 Ra8 22. Qb2 Bf8 23. Bxf8 Rxf8 24. Bd3 Qe7 25. Bxf5 exf5 26. h4 Kg7 27. e6 Bxe6 28. Ne5 Qxh4 29. Ndf3 Qf6 30. Qd2 Rfc8 31. Qb4 Qd8 32. Nd3 Rab8 33. Nf4 Qf6 34. Ne5 Re8 35. Qd6 Rbd8 36. Qxb6 Rb8 37. Qa7 Qe7 38. Qxe7 Rxe7 39. Nc6 Reb7 40. Nxb8 Rxb8 41. Nxe6+ fxe6 42. Rxe6 Rb4 43. Rd6 Rxd4 44. b4 Rxb4 45. Rxd5 Kf6 46. g3 Kg5 47. Kg2 Rb3 48. Rd6 f4 49. gxf4+ Kf5 50. f3 h5 51. Kg3 Rb1 52. Rd5+ Ke6 53. Re5+ Kf6 54. Ra5 Rg1+ 55. Kf2 Rc1 56. Kg3 Rg1+ 57. Kf2 Rc1 58. Kg3 Rh1 59. Ra6+ Kf5 60. Ra5+ Kf6 61. Ra6+ Kg7 62. f5 gxf5 63. Kf4 h4 64. Kxf5 h3 65. Kg4 h2 66. Kg3 Rf1 67. Kxh2 Rxf3 68. Kg2 Rf7 69. Rb6 Rf6 70. Rxf6 Kxf6 1/2-1/2


[Site "https://www.chess.com"]